 Dungeon Crawl Stone Soup version 0.19-a0-1815-g4007336 (webtiles) character file.

233 Amnesiac the Magician (level 5, -1/35 HPs)
             Began as a Mummy Wizard on Oct 5, 2016.
             Was a Follower of Kikubaaqudgha.
             Slain by a jackal (3 damage)
             ... on level 4 of the Dungeon.
             The game lasted 00:05:35 (3544 turns).

Amnesiac the Magician (Mummy Wizard)                Turns: 3544, Time: 00:05:36

Health: -1/35      AC:  3    Str: 11    XL:     5   Next: 74%
Magic:  11/11      EV: 12    Int: 17    God:    Kikubaaqudgha [*.....]
Gold:   184        SH:  4    Dex: 11    Spells: 4 memorised, 4 levels left

rFire  x . .     SeeInvis +     o - +2 dagger (venom)
rCold  + . .     Gourm    .     a - +0 robe
rNeg   + + +     Faith    .     d - +0 buckler
rPois  ∞         Spirit   .     b - +0 hat
rElec  .         Dismiss  .     (no cloak)
rCorr  .         Reflect  .     g - +0 pair of gloves
MR     .....     Harm     .     (no boots)
Stlth  ++........               (no amulet)
                                s - +5 ring of slaying
                                j - ring of see invisible

@: no status effects
A: no food or potions, fire vulnerability, cold resistance 1, negative energy
resistance 3, torment resistance, unbreathing
a: Receive Corpses, Renounce Religion


You were on level 4 of the Dungeon.
You worshipped Kikubaaqudgha.
Kikubaaqudgha was aware of your devotion.
You were not hungry.

You visited 2 branches of the dungeon, and saw 5 of its levels.

You collected 184 gold pieces.

Inventory:

Hand Weapons
 o - a +2 dagger of venom (weapon)
Missiles
 r - a throwing net (quivered)
Armour
 a - a +0 robe (worn)
 b - a +0 hat (worn)
 d - a +0 buckler (worn)
 g - a +0 pair of gloves (worn)
Jewellery
 j - a ring of see invisible (left hand)
 k - an uncursed ring of flight
 s - a +5 ring of slaying (right hand)
Wands
 i - a wand of paralysis (9/24)
 n - a wand of digging (15/24)
Scrolls
 e - 2 scrolls of noise {unknown}
 f - a scroll of random uselessness {unknown}
 h - 5 scrolls of identify
 l - 2 scrolls of teleportation {unknown}
 m - a scroll of blinking {unknown}
 p - a scroll of fog {unknown}
 q - 4 scrolls of enchant weapon {unknown}
 t - a scroll of fear {unknown}
 u - a scroll of amnesia {unknown}
 v - a scroll of immolation {unknown}
 x - a scroll of remove curse {unknown}
Books
 c - a book of Minor Magic

   Spells                             Type                      Level
   a - Magic Dart                     Conjuration                  1
   b - Blink                          Translocation                2
   c - Call Imp                       Summoning                    2
   d - Repel Missiles                 Charms/Air                   2
   e - Slow                           Hexes                        2
   f - Conjure Flame                  Conjuration/Fire             3
   g - Mephitic Cloud                 Conjuration/Poison/Air       3
 w - a book of Misfortune

   Spells                             Type                      Level
   a - Confusing Touch                Hexes                        1
   b - Confuse                        Hexes                        3
   c - Gell's Gravitas                Hexes/Translocation          3
   d - Petrify                        Transmutation/Earth          4
   e - Metabolic Englaciation         Hexes/Ice                    5
   f - Yara's Violent Unravelling     Hexes/Transmutation          5
 y - Kikubaaqudgha's Disquisition on Unholy Magic
   (Kikubaaqudgha gifted it to you on level 4 of the Dungeon)

   Spells                             Type                      Level
   a - Animate Skeleton               Necromancy                   1
   b - Pain                           Necromancy                   1
   c - Corpse Rot                     Necromancy                   2
   d - Vampiric Draining              Necromancy                   3
   e - Control Undead                 Necromancy                   4


   Skills:
 - Level 1.5 Dodging
 - Level 1.5 Stealth
 + Level 3.3 Shields
 - Level 4.5 Spellcasting
 - Level 1.0 Conjurations
 - Level 0.7 Summonings
   Level 0.7 Translocations


You had 4 spell levels left.
You knew the following spells:

 Your Spells              Type           Power        Failure   Level  Hunger
d - Call Imp              Summ           #.......     21%         2    N/A
e - Mephitic Cloud        Conj/Pois/Air  #.......     38%         3    N/A
f - Magic Dart            Conj           #...         12%         1    N/A
s - Conjure Flame         Conj/Fire      #.......     38%         3    N/A

Dungeon Overview and Level Annotations

Branches:
Dungeon (4/15)             Temple (1/1) D:4

Altars:
Ashenzari
Cheibriados
Elyvilon
Gozag
Hepliaklqana
Kikubaaqudgha
Nemelex Xobeh
Okawaru
Qazlal
Sif Muna
Vehumet
Xom
Zin
The Shining One

Annotations:
D:4 exclusion: 4 doors


Innate Abilities, Weirdness & Mutations

You do not eat or drink.
Your flesh is vulnerable to fire.
You are immune to poison.
Your flesh is cold resistant. (rC+)
You are immune to negative energy. (rN+++)
You are immune to unholy pain and torment.
You can survive without breathing.


Message History

The jackal bites you but does no damage.
You block the jackal's attack.
The jackal bites the plant but does no damage. x2
The jackal bites you.
* * * LOW HITPOINT WARNING * * *
The jackal bites the plant.
The jackal bites you.
* * * LOW HITPOINT WARNING * * *
You hit the jackal.
You kill the jackal!
Kikubaaqudgha accepts your kill.
You kill the jackal!
Kikubaaqudgha accepts your kill.
The jackal bites the plant but does no damage.
Unknown command.
You miss the jackal. The jackal bites you.
* * * LOW HITPOINT WARNING * * *
Unknown command.
You barely miss the jackal. The jackal bites you.
You die...
Kikubaaqudgha rasps: "You have failed me!
Welcome... oblivion!"

#####################
#...@h......†....P...
######...hP.............P.
####
#....#....≈≈≈≈≈≈≈≈≈≈≈≈≈≈≈≈
...#
#....#....≈≈≈≈≈≈≈≈≈≈≈≈≈≈≈≈
...#
#....#....≈≈#####≈≈≈≈≈≈≈≈≈
...#
#....#....≈≈#ggg#.........
...#
#....#...P≈≈#...##########
#### #....#....≈≈###'#
...# #....#....≈≈≈.#.#


You could see a gnoll and 2 jackals.

Vanquished Creatures
  A crimson imp (D:3)
  Ijyb (D:2)
  3 gnolls
  5 adders
  5 dart slugs
  A leopard gecko (D:1)
  An orc (D:4)
  A ball python (D:1)
  6 bats
  A bat zombie (D:3)
  A giant cockroach (D:3)
  8 goblins
  9 hobgoblins
  14 jackals
  6 frilled lizards
  4 kobolds
  8 rats
75 creatures vanquished.

Vanquished Creatures (collateral kills)
  2 gnolls (D:3)
  A worm (D:3)
  A goblin (D:3)
4 creatures vanquished.

Grand Total: 79 creatures vanquished

Notes
Turn   | Place    | Note
-------+----------+-------------------------------------------
     0 | D:1      | Amnesiac the Mummy Wizard began the quest for the Orb.
     0 | D:1      | Reached XP level 1. HP: 13/13 MP: 4/4
    19 | D:1      | Reached skill level 1 in Conjurations
   197 | D:3      | Reached XP level 2. HP: 19/19 MP: 3/6
   210 | D:2      | Learned a level 2 spell: Call Imp
   477 | D:3      | Reached skill level 4 in Spellcasting
   477 | D:3      | Reached XP level 3. HP: 19/24 MP: 2/8
   482 | D:3      | Learned a level 3 spell: Mephitic Cloud
   486 | D:3      | Learned a level 3 spell: Conjure Flame
   650 | D:4      | Found a staircase to the Ecumenical Temple.
   659 | Temple   | Entered the Ecumenical Temple
   993 | D:2      | Noticed Ijyb
  1006 | D:2      | Killed Ijyb
  1006 | D:2      | Reached XP level 4. HP: 23/30 MP: 8/10
  1319 | D:2      | Reached skill level 1 in Shields
  2282 | D:3      | Found an ancient bone altar of Kikubaaqudgha.
  2290 | D:3      | Became a worshipper of Kikubaaqudgha
  2454 | D:1      | Reached XP level 5. HP: 8/35 MP: 11/11
  3516 | D:4      | Reached * piety under Kikubaaqudgha
  3516 | D:4      | Identified Kikubaaqudgha's Disquisition on Unholy Magic (Kikubaaqudgha gifted it to you on level 4 of the Dungeon)
  3516 | D:4      | Received a gift from Kikubaaqudgha
  3544 | D:4      | Slain by a jackal

Vault maps used:
D:1:      onia_arrival_handbag, nrook_mini_backslash, minmay_small_reverse_x
D:2:      first_bread, kennysheep_pointless_box, uniq_iyjb
D:3:      lemuel_zombie_altar_kikubaaqudgha, nrook_mini_vaults,
          kennysheep_generic_room_13
D:4:      lemuel_castle_with_subvaults, minmay_splitting_lines
Temple:   cyrus_circular_temple

Skill      XL: |  1  2  3  4  5 |
---------------+----------------+-----
Conjurations   | 1 |  1.0
Spellcasting   | 4 |  4.5
Shields        | 2 3 |  3.3
Dodging        | |  1.5
Stealth        | |  1.5
Summonings     | |  0.7
Translocations | |  0.7

Action                   |  1- 3 |  4- 6 || total
-------------------------+-------+-------++-------
Melee: Unarmed           |     6 |       ||     6
       Halberd           |     3 |       ||     3
       Short sword       |     8 |    60 ||    68
       Dagger            |       |   110 ||   110
 Cast: Magic Dart        |    24 |    11 ||    35
       Call Imp          |     4 |       ||     4
  Use: Scroll            |       |     1 ||     1
 Stab: Sleeping          |     2 |     4 ||     6
Armor: Robe              |     3 |    51 ||    54
Dodge: Dodged            |    24 |   110 ||   134
Block: Buckler           |       |    31 ||    31
